 Dungeon Crawl Stone Soup version 0.31-a0-210-gccc998df9b (webtiles) character file.

Game seed: 13918394660168121587

3424 Ekaitz the Firebug (level 9, -4/74 HPs)
             Began as a Green Draconian Fire Elementalist on June 30, 2023.
             Was a Follower of Vehumet.
             Slain by Grum
             ... wielding a +0 spear of freezing
              (7 damage)
             ... on level 9 of the Dungeon.
             The game lasted 00:21:18 (8658 turns).

Ekaitz the Firebug (DrFE)                           Turns: 8658, Time: 00:21:20

Health: -4/74      AC:  7    Str: 11    XL:     9   Next: 76%
Magic:  1/17       EV: 13    Int: 17    God:    Vehumet [*.....]
Gold:   101        SH:  0    Dex: 14    Spells: 4/19 levels left

rFire   . . .        d - +0 dagger
rCold   . . .        (no shield)
rNeg    . . .        (body armour unavailable)
rPois   +            (helmet restricted)
rElec   .            (no cloak)
rCorr   .            (no gloves)
SInv    +            (no boots)
Will    .....        (no amulet)
Stlth   ++           x - ring of see invisible
HPRegen 0.32/turn    (no ring)
MPRegen 0.15/turn

%: no passive effects
@: short of breath, slowed, very slow
A: breathe noxious fumes, AC +7, unfitting armour, poison resistance,
cold-blooded
a: Breathe Noxious Fumes, Renounce Religion


You were on level 9 of the Dungeon.
You worshipped Vehumet.
Vehumet was aware of your devotion.
You visited 2 branches of the dungeon, and saw 10 of its levels.

You collected 325 gold pieces.
You spent 224 gold pieces at shops.

Inventory:

Hand Weapons
 d - a +0 dagger (weapon)
 s - a +0 battleaxe of flaming
 y - a +1 trident of pain
Missiles
 p - 11 poisoned darts
 q - 2 curare-tipped darts
Armour
 o - a +0 kite shield
Jewellery
 x - a ring of see invisible (left hand)
Wands
 k - a wand of digging (6)
 l - a wand of flame (31)
Scrolls
 b - a scroll of brand weapon {unknown}
 c - a scroll of amnesia {unknown}
 f - 4 scrolls of teleportation {unknown}
 h - a scroll of vulnerability {unknown}
 j - 2 scrolls of butterflies {unknown}
 n - 6 scrolls of identify {unknown}
 r - 2 scrolls of enchant armour {unknown}
 u - a scroll of revelation {unknown}
 v - 2 scrolls of noise {unknown}
 w - a scroll of blinking {unknown}
 A - a scroll of immolation {unknown}
 B - 3 scrolls of poison {unknown}
Potions
 a - a potion of magic
 e - a potion of ambrosia {unknown}
 g - a potion of lignification {unknown}
 i - 2 potions of brilliance {unknown}
 m - 4 potions of enlightenment {unknown}
 t - 2 potions of curing
 z - a potion of resistance {unknown}


   Skills:
 * Level 5.5 Fighting
 + Level 2.0 Short Blades
 + Level 0.1 Axes
 + Level 3.5 Dodging
 + Level 2.8 Stealth
 + Level 0.2 Unarmed Combat
 + Level 5.6 Spellcasting
 * Level 5.1 Conjurations
 * Level 3.9 Hexes
 * Level 5.0 Translocations
 + Level 6.5 Fire Magic


You had 4 spell levels left.
You knew the following spells:

 Your Spells              Type           Power      Damage    Failure   Level
a - Foxfire               Conj/Fire      96%        2x1d8     1%          1
b - Scorch                Fire           52%        2d7       1%          2
c - Volatile Blastmotes   Fire/Tloc      48%        2d14      3%          3
d - Flame Wave            Conj/Fire      24%        2d8       12%         4
i - Inner Flame           Hex/Fire       22%        N/A       4%          3
k - Blink                 Tloc           44%        N/A       2%          2

Your spell library contained the following spells:

 Spells                   Type           Power      Damage    Failure   Level
 Shock                    Conj/Air       52%        1d6       4%          1
 Lesser Beckoning         Tloc           44%        N/A       2%          2
 Momentum Strike          Conj/Tloc      44%        3d9       2%          2


Dungeon Overview and Level Annotations

Branches:
Dungeon (10/15)            Temple (1/1) D:6
   Lair: D:8-11         Orc: D:9-12

Altars:
Ashenzari
Cheibriados
Dithmenos
Elyvilon
Fedhas
Hepliaklqana
Kikubaaqudgha
Makhleb
Nemelex Xobeh
Okawaru
Qazlal
Ru
Trog
Uskayaw
Vehumet
Zin
The Shining One

Shops:
D:5 *   D:6 *

Annotations:
D:5 3 runed translucent doors, rabbitsville's ghost, amateur HOFi
D:6 1 runed translucent door, SwinebobAirpants's ghost, novice DjCj
D:9 Grum


Innate Abilities, Weirdness & Mutations

You can breathe blasts of noxious fumes.
Your lurid green scales are hard. (AC +7)
You cannot fit into any form of body armour.
Your system is resistant to poisons. (rPois)
You are cold-blooded and may be slowed by cold attacks.


Message History

You feel yourself speed up.
The killer bee barely misses Grum.
The wolf is engulfed in noxious fumes. x2
The wolf appears confused.
The wolf closely misses Grum.
Grum is engulfed in noxious fumes.
Grum appears confused.
Grum drinks a potion.
Grum is healed!
Grum seems less confused.
The wolf is engulfed in noxious fumes.
The wolf bites Grum but does no damage.
Unknown command.
Casting: Scorch (safe; 1% risk of failure)
Confirm with . or Enter, or press ? or * to list all spells.
Flames lash Grum.
Grum is heavily wounded.
Grum's fire resistance burns away.
The wolf is engulfed in noxious fumes.
Grum is engulfed in noxious fumes.
Grum hits you from afar with a +0 spear of freezing.
You feel yourself slow down. Grum freezes you.
* * * LOW HITPOINT WARNING * * *
Unknown command.
Casting: Scorch (safe; 1% risk of failure)
Confirm with . or Enter, or press ? or * to list all spells.
You conjure some foxfire!
The killer bee is no longer more vulnerable to fire.
The wolf is engulfed in noxious fumes.
The wolf bites Grum.
Grum is engulfed in noxious fumes.
The foxfire hits Grum.
Grum is burned terribly!
Grum is severely wounded.
The killer bee stings the wolf but does no damage.
Casting: Foxfire (safe; 1% risk of failure)
Confirm with . or Enter, or press ? or * to list all spells.
Flames lash the wolf.
Flame seeps out of the wolf.
The wolf is moderately wounded.
The wolf's fire resistance burns away.
You feel yourself speed up.
The foxfire hits Grum but does no damage.
Grum is severely wounded.
The wolf is engulfed in blazing flames.
Flame seeps out of the wolf.
The wolf is engulfed in noxious fumes.
The wolf appears confused.
Grum hits you with a +0 spear of freezing!!
* * * LOW HITPOINT WARNING * * *
You feel yourself slow down. Grum freezes you!
You die...

.#....)..[####............#....
##..[....## ######............
##......# ###..........
#.....## #........... ##..###
##..........F ####
##............ ##.>#.......(..
##§.##....#.....
#@.####..###.... ##g## ####
.... ##h## ##○°# ##yh## ...
##..## ...# #..## .... ##.##
....## ##.##


You could see Grum (combustible), 2 wolves and a killer bee (confused).

Vanquished Creatures
  Pikel (D:5)
  Sigmund (D:4)
  2 wyverns
  A vampire (D:10)
  Eustachio (D:4)
  A yak (D:9)
  Menkaure (D:4)
  An acid dragon (D:10)
  Duvessa (D:4)
  2 ice beasts
  A sky beast (D:7)
  A black bear (D:6)
  2 orc warriors
  3 lemures
  A kobold brigand (D:10)
  Blork the orc (D:4)
  A bullfrog (D:6)
  Dowan (D:4)
  3 killer bees
  A howler monkey (D:10)
  5 hounds
  An orc priest (D:9)
  A jelly (D:6)
  A sleepcap (D:6)
  4 iguanas
  8 orc wizards
  8 gnolls
  5 adders
  2 shadow imps (D:7)
  2 white imps
  2 ufetubi
  2 worms
  3 dart slugs
  19 orcs
  8 ball pythons
  7 endoplasms
  6 giant cockroaches
  6 goblins
  9 hobgoblins
  5 jackals (D:1)
  4 kobolds
  2 quokkas
  2 bats
  3 frilled lizards
  8 rats
150 creatures vanquished.

Vanquished Creatures (others)
  390 foxfires
390 creatures vanquished.

Grand Total: 540 creatures vanquished

Notes
Turn   | Place    | Note
-------+----------+-------------------------------------------
     0 | D:1      | Ekaitz the Draconian Fire Elementalist began the quest for
                  | the Orb.
     0 | D:1      | Reached XP level 1. HP: 14/14 MP: 3/3
   149 | D:1      | Reached XP level 2. HP: 8/20 MP: 1/5
   879 | D:1      | Reached XP level 3. HP: 27/27 MP: 3/6
   882 | D:1      | Learned a level 2 spell: Scorch
   886 | D:1      | Learned a level 3 spell: Volatile Blastmotes
  1365 | D:2      | Reached skill level 1 in Fighting
  2372 | D:3      | Reached XP level 4. HP: 33/35 MP: 7/7
  2790 | D:3      | Found a blossoming altar of Fedhas.
  2934 | D:3      | Reached XP level 5. HP: 8/40 MP: 0/9
  3046 | D:3      | Reached skill level 1 in Translocations
  3233 | D:3      | Learned a level 3 spell: Inner Flame
  3555 | D:4      | Noticed Menkaure
  3562 | D:4      | Killed Menkaure
  3563 | D:4      | Reached XP level 6. HP: 48/48 MP: 0/10
  3663 | D:4      | Learned a level 2 spell: Blink
  3667 | D:4      | Noticed Sigmund
  3677 | D:4      | Killed Sigmund
  3677 | D:4      | Noticed Eustachio
  3678 | D:4      | Reached skill level 1 in Short Blades
  3678 | D:4      | Reached skill level 1 in Hexes
  3678 | D:4      | Reached skill level 4 in Fire Magic
  3886 | D:4      | Noticed Dowan
  4179 | D:4      | Noticed Duvessa
  4565 | D:4      | Noticed Blork the orc
  4569 | D:4      | Killed Eustachio
  4570 | D:4      | Your scales start taking on a lurid green colour.
  4570 | D:4      | Reached XP level 7. HP: 47/56 MP: 1/12
  4570 | D:4      | Gained mutation: Your system is resistant to poisons.
                  | (rPois) [Green Draconian growth]
  4585 | D:4      | Killed Blork the orc
  4867 | D:4      | Killed Dowan
  4875 | D:4      | Killed Duvessa
  5055 | D:5      | Entered Level 5 of the Dungeon
  5213 | D:5      | Noticed Pikel
  5448 | D:5      | Reached XP level 8. HP: 56/63 MP: 7/14
  5453 | D:5      | Learned a level 4 spell: Flame Wave
  5500 | D:5      | Reached skill level 5 in Fire Magic
  5621 | D:5      | Found a runed translucent gate.
  5621 | D:5      | Found a runed translucent gate.
  5623 | D:5      | Found a runed translucent gate.
  5624 | D:5      | Noticed rabbitsville's ghost (amateur HOFi)
  5648 | D:5      | Found a sacrificial altar of Ru.
  5695 | D:5      | Found a bloodstained altar of Trog.
  5847 | D:5      | Killed Pikel
  6039 | D:5      | Found Zin's Purification Station.
  6044 | D:5      | Found a glowing silver altar of Zin.
  6362 | D:6      | Found a staircase to the Ecumenical Temple.
  6368 | Temple   | Entered the Ecumenical Temple
  6931 | D:6      | Found Vyuthes's Assorted Antiques.
  6939 | D:6      | Bought a twisted granite ring for 115 gold pieces
  6939 | D:6      | Bought a scroll labelled LONOER BAREF for 23 gold pieces
  6939 | D:6      | Bought an emerald potion for 20 gold pieces
  6939 | D:6      | Bought a scroll labelled ATUKUUZ HAFUZIOTT for 23 gold
                  | pieces
  6939 | D:6      | Bought a bubbling orange potion for 20 gold pieces
  6939 | D:6      | Bought a scroll labelled JEWECY JUROHAT for 23 gold pieces
  7020 | D:6      | Reached XP level 9. HP: 73/73 MP: 10/16
  7152 | D:6      | Found a radiant altar of Vehumet.
  7247 | D:6      | Became a worshipper of Vehumet
  7389 | D:6      | Found a runed translucent door.
  7389 | D:6      | Noticed SwinebobAirpants's ghost (novice DjCj)
  7597 | D:6      | Found a sparkling altar of Nemelex Xobeh.
  7750 | D:7      | Reached skill level 5 in Fighting
  7750 | D:7      | Reached skill level 5 in Spellcasting
  7941 | D:7      | Found a shadowy altar of Dithmenos.
  7942 | D:7      | You fall into a shaft and drop 3 floors!
  7942 | D:10     | Entered Level 10 of the Dungeon
  8043 | D:10     | Reached skill level 6 in Fire Magic
  8353 | D:10     | Reached skill level 5 in Conjurations
  8539 | D:9      | Reached skill level 5 in Translocations
  8590 | D:9      | Reached * piety under Vehumet
  8590 | D:9      | Offered knowledge of Shock by Vehumet.
  8626 | D:9      | Noticed Grum
  8658 | D:9      | HP: 3/74 [Grum/+0 spear of freezing (18)]
  8658 | D:9      | Slain by Grum

Illustrated notes

Levels and vault maps discovered:
D:1:      heliophobic_arrival_dark_side_of_the_moon, layout_loops_ring,
          minmay_misc_feat_columns
D:2:      layout_basic
D:3:      kennysheep_big_flooded_room, layout_loops_ring,
          mainiacjoe_overflow_tiny_flanked, minmay_misc_feat_rugged
D:4:      layout_rooms, uniq_menkaure, uniq_duvessa, uniq_eustachio,
          uniq_blork_the_orc, uniq_sigmund
D:5:      layout_rooms, zin_purify, bloody_trog, nicolae_ru_awakened_eye,
          gammafunk_ghost_nasty_kobolds, uniq_pikel
D:6:      layout_loops_ring, nemelex_spade_bored_becter, vehumet_crystals,
          minmay_temple_entry_hall, gammafunk_ghost_grave, serial_shops,
          nicolae_square_shop
D:7:      layout_loops_ring, yredelemnul_forgotten_temple_becter,
          nicolae_dithmenos_the_darkroom
D:9:      layout_cave_pods, enter_bailey_3, minivault_7, uniq_grum
D:10:     layout_loops_ring, lemuel_blue_sif_altar, xom_butterflies,
          grunt_lair_entry_orc_guard_hut, enter_trove_3, minmay_circle_x
Temple:   hellmonk_temple_flake

Skill      XL: |  1  2  3  4  5  6  7  8  9 |
---------------+----------------------------+-----
Dodging        | 2 3 |  3.5
Stealth        | 2 |  2.8
Fighting       | 1 2 3 4 5 |  5.5
Conjurations   | 2 3 4 5 |  5.1
Translocations | 1 2 3 5 |  5.0
Spellcasting   | 3 4 5 |  5.6
Short Blades   | 1 2 |  2.0
Hexes          | 1 2 3 |  3.9
Fire Magic     | 4 5 6 |  6.5
Axes           | |  0.1
Unarmed Combat | |  0.2

Action                     |  1- 3 |  4- 6 |  7- 9 || total
---------------------------+-------+-------+-------++-------
  Melee: Unarmed           |    30 |       |       ||    30
         Tailslap          |     8 |     9 |    23 ||    40
         Dagger            |    30 |    37 |   121 ||   188
         Punch             |       |     1 |     1 ||     2
         Battleaxe         |       |       |     3 ||     3
   Cast: Foxfire           |    68 |    50 |   106 ||   224
         Scorch            |     3 |    19 |    61 ||    83
         Volatile Blastmot |       |     3 |    10 ||    13
         Inner Flame       |       |       |     8 ||     8
Ability: Breathe Noxious F |       |       |     8 ||     8
   Stab: Sleeping          |       |       |     4 ||     4
         Confused          |       |       |     2 ||     2
 Armour: Skin              |    36 |    22 |    57 ||   115
  Dodge: Dodged            |    70 |    39 |   130 ||   239

Table legend: (Time is in decaauts)
 A = Elapsed time spent in this place.
 B = Non-inter-level travel time spent in this place.
 C = Inter-level travel time spent in this place.
 D = Time resting spent in this place.
 E = Time spent auto-exploring this place.
 F = Levels seen in this place.
 G = Mean time per level.
                   A        B        C        D        E       F      G
               +--------+--------+--------+--------+--------+-----+--------+
         Total |   8658 |   8132 |    526 |    872 |   5564 |  10 |  865.8 |
       Dungeon |   8505 |   7990 |    515 |    872 |   5432 |   9 |  945.0 |
        Temple |    152 |    142 |     10 |      0 |    132 |   1 |  152.0 |
               +--------+--------+--------+--------+--------+-----+--------+

Top non-repeatable levels by time:
     D:3: 1799 daAuts
     D:6: 1318 daAuts
     D:4: 1317 daAuts
     D:2: 1110 daAuts
     D:1: 1078 daAuts
     D:5: 921 daAuts
    D:10: 541 daAuts
     D:7: 248 daAuts
     D:9: 170 daAuts
  Temple: 152 daAuts
